 Dungeon Crawl Stone Soup version 0.28.0-43-g3370ac3207 (webtiles) character file.

Game seed: 2757685369615667653

172 demenzo the Cutter (level 5, -2/37 HPs)
             Began as an Octopode Cinder Acolyte on Mar 7, 2022.
             Was a High Priest of Ignis.
             Slain by a gnoll
             ... wielding a +0 whip
              (8 damage)
             ... on level 3 of the Dungeon.
             The game lasted 00:08:19 (2386 turns).

demenzo the Cutter (Octopode Cinder Acolyte)        Turns: 2386, Time: 00:08:20

Health: -2/37      AC:  1    Str: 13    XL:     5   Next: 53%
Magic:  6/6        EV: 12    Int: 21    God:    Ignis [*****.]
Gold:   89         SH:  0    Dex: 21    Spells: 4/6 levels left

rFire   + + +      SeeInvis .   a - +3 dagger of Kichen {vorpal, *Slow rF++ Int+4}
rCold   . . .      Faith    .   (no shield)
rNeg    . . .      Spirit   .   (helmet restricted)
rPois   .          Reflect  .   g - amulet of the acrobat
rElec   .          Harm     .   j - ring of wizardry
rCorr   .          Rampage  .   l - +6 ring of dexterity
Will    .....                   t - +6 ring of dexterity
Stlth   ++++......              (no ring)
HPRegen 0.12/turn               (no ring)
MPRegen 0.10/turn               (no ring)
                                (no ring)
                                (no ring)

@: no status effects
A: almost no armour, amphibious, 8 rings, camouflage 1, gelatinous body 1,
(nimble swimmer 1), tentacles
a: Renounce Religion, Fiery Armour, Foxfire Swarm, Rising Flame


You were on level 3 of the Dungeon.
You worshipped Ignis.
Ignis was extremely pleased with you.
You visited 1 branch of the dungeon, and saw 4 of its levels.

You collected 89 gold pieces.

Inventory:

Hand Weapons
 a - the +3 dagger of Kichen (weapon) {vorpal, *Slow rF++ Int+4}
   (You found it on level 2 of the Dungeon)

   It inflicts extra damage upon your enemies.
   Int:       It affects your intelligence (+4).
   rF:        It greatly protects you from fire.
   *Slow:     It may slow you when you take damage.
 b - a +0 hunting sling
 s - a -1 short sword of flaming
Missiles
 d - 31 stones (quivered)
 e - 34 sling bullets
 f - 21 bolts
 i - 37 arrows
Jewellery
 g - an amulet of the acrobat (around mantle)
 j - a ring of wizardry (left tentacle)
 l - a +6 ring of dexterity (right tentacle)
 t - a +6 ring of dexterity (on tentacle)
Scrolls
 c - a scroll of identify
 n - a scroll of magic mapping {unknown}
 p - a scroll of noise {unknown}
 q - a scroll of enchant armour {unknown}
 r - a scroll of holy word {unknown}
 v - a scroll of fog {unknown}
Potions
 h - a potion of attraction {unknown}
 k - 2 potions of berserk rage
 m - 2 potions of resistance
 o - a potion of degeneration {unknown}
 u - a potion of curing {unknown}


   Skills:
 + Level 3.8 Fighting
 * Level 4.6 Short Blades
 + Level 3.2 Stealth
 - Level 1.0 Spellcasting
 + Level 3.4 Fire Magic


You had 4 spell levels left.
You knew the following spells:

 Your Spells              Type           Power      Damage    Failure   Level
a - Scorch                Fire           30%        2d7       2%          2

Your spell library contained the following spells:

 Spells                   Type           Power      Damage    Failure   Level


Dungeon Overview and Level Annotations

Branches:
Dungeon (4/15)
 Temple: D:4-7

Altars:
Sif Muna

Annotations:
D:3 exclusion: orc wizard


Innate Abilities, Weirdness & Mutations

You cannot wear most types of armour.
You are amphibious.
You can wear up to eight rings at the same time.
Your skin changes colour to match your surroundings (Stealth+).
Your rubbery body absorbs attacks. (AC +1, EV +1)
((You are camouflaged when in or above water. (Stealth+)))
You have tentacles for arms and can constrict up to eight enemies at once.


Message History

No target in view!
b - a +0 hunting sling (weapon)
You start resting.
HP restored.
You see here a +0 club.
e - 35 sling bullets (gained 1)
e - 36 sling bullets (gained 1)
e - 37 sling bullets (gained 1)
You shoot a sling bullet.
The sling bullet closely misses the gnoll.
The gnoll shouts!
You shoot a sling bullet. The gnoll shouts!
The sling bullet hits the gnoll.
The gnoll is lightly wounded.
You see here a +0 club.
There is a stone staircase leading up, spattered with blood here.
You see here a hobgoblin corpse.
You shoot a sling bullet.
The sling bullet closely misses the gnoll.
You feel clever.
a - the +3 dagger of Kichen (weapon)
{vorpal, *Slow rF++ Int+4} The gnoll hits you with a +0 halberd!
You see here a +0 club.
You barely miss the gnoll. You grab the gnoll. You squeeze the gnoll.
The gnoll is heavily wounded.
You constrict the gnoll. The gnoll hits you with a +0 halberd!
You hit the gnoll.
The gnoll is almost dead.
You constrict the gnoll, but do no damage.
The gnoll hits you with a +0 halberd!
You hit the gnoll.
You kill the gnoll!
Unknown command.
The gnoll hits you with a +0 whip.
* * * LOW HITPOINT WARNING * * *
There is a stone staircase leading up, spattered with blood here.
You see here a hobgoblin corpse.
The gnoll hits you with a +0 whip!
You die...

#......## ######......
#.......#######...........
#...............#####.....
#.....#..######## #.....
#.....#..#### ######
#######.....# # ##.##.# #
#.##.### # #.@#...### #
##gg.....# ###
#)..##..########## #.##
#.#.###...........
#..###...###.##########
##.....................
###..(.######.........
####...[..##...>.###
#..###....###....


You could see 2 gnolls.

Vanquished Creatures
  A water moccasin skeleton (D:4)
  A hound skeleton (D:2)
  Robin (D:2)
  2 gnolls (D:3)
  2 adders (D:2)
  A dart slug (D:3)
  An orc (D:3)
  2 bats
  4 endoplasms
  A giant cockroach (D:2)
  16 goblins
  6 hobgoblins
  6 kobolds
  A quokka (D:1)
  6 ball pythons
  2 frilled lizards (D:1)
  6 rats (D:1)
59 creatures vanquished.

Notes
Turn   | Place    | Note
-------+----------+-------------------------------------------
     0 | D:1      | demenzo the Octopode Cinder Acolyte began the quest for the
                  | Orb.
     0 | D:1      | Reached XP level 1. HP: 16/16 MP: 2/2
   120 | D:1      | Reached XP level 2. HP: 18/21 MP: 3/3
   184 | D:1      | Reached skill level 1 in Stealth
   907 | D:2      | Reached XP level 3. HP: 26/26 MP: 4/4
  1128 | D:2      | Learned a level 2 spell: Scorch
  1217 | D:2      | Noticed Robin
  1218 | D:2      | You fall into a shaft and drop 2 floors!
  1247 | D:4      | Reached skill level 4 in Short Blades
  1247 | D:4      | Reached XP level 4. HP: 19/31 MP: 5/5
  1641 | D:2      | Reached XP level 5. HP: 36/36 MP: 6/6
  1743 | D:2      | Killed Robin
  1883 | D:2      | Found a faded altar of an unknown god.
  1903 | D:2      | Identified the +3 dagger of Kichen {vorpal, *Slow rF++
                  | Int+4}
  2168 | D:3      | Found a shimmering blue altar of Sif Muna.
  2386 | D:3      | Slain by a gnoll

Illustrated notes

Levels and vault maps discovered:
D:1:      minmay_arrival_split_and_join, layout_rooms
D:2:      layout_basic, hellmonk_ecumenical_altar_blasted, uniq_robin
D:3:      layout_rooms, mainiacjoe_overflow_small_starburst
D:4:      layout_loops_ring, nicolae_ashenzari_panopticon

Skill      XL: |  1  2  3  4  5 |
---------------+----------------+-----
Stealth        | 1 2 3 |  3.2
Short Blades   | 4 |  4.6
Fighting       | |  3.8
Spellcasting   | |  1.0
Fire Magic     | |  3.4

Action                   |  1- 3 |  4- 6 || total
-------------------------+-------+-------++-------
Melee: Short sword       |    71 |    30 ||   101
       Tentacles         |    12 |    10 ||    22
       Constrict         |    11 |     8 ||    19
       Dagger            |       |    13 ||    13
 Fire: Hunting sling     |       |    17 ||    17
Throw: Stone             |     5 |       ||     5
  Use: Scroll            |       |     2 ||     2
 Stab: Sleeping          |     9 |     3 ||    12
Armor: Skin              |     2 |     1 ||     3
Dodge: Dodged            |    28 |    18 ||    46
